Devils vs Predators
Created - April 11, 2022 at 19:04
Goals
|
| Devils |
2 |
0 |
0 |
2 |
| Predators |
1 |
1 |
2 |
4 |
|
Shots
|
| Devils |
9 |
12 |
18 |
39 |
| Predators |
12 |
11 |
8 |
31 |
|
1st period
1. Devils , Jonathan Huberdeau 16 (Michael Del Zotto 22, Aleksander Barkov 21) at 13:30
2. Devils , Nazem Kadri 29 (Tyler Ennis 40, Anton Stralman 27) at 14:35
3. Predators , Brendan Gallagher 7 (Jaden Schwartz 15, Ryan Kesler 16) at 19:42 (PP)
Penalties :
Mark Pysyk (Nas) for Delaying the game (Minor) at 1:32, Alexander Edler (Nas) for Tripping (Minor) at 8:26, Jonathan Huberdeau (N.J) for Hooking (Minor) at 18:08
2nd period
4. Predators , Jaden Schwartz 16 (Brendan Gallagher 9) at 1:29
Penalties :
Brendan Gallagher (Nas) for Hooking (Minor) at 3:52, John Moore (Nas) for Holding (Minor) at 7:41, John Moore (Nas) for Interference (Minor) at 11:51, Zach Parise (N.J) for Tripping (Minor) at 18:25
3rd period
5. Predators , Brad Boyes 12 (Justin Faulk 17, Jack Eichel 13) at 9:35
6. Predators , Chris Higgins 7 (Mark Pysyk 4) at 14:07
Penalties :
Justin Faulk (Nas) for Cross-checking (Minor) at 11:46, Alexander Ovechkin (Nas) for Tripping (Minor) at 15:58
Goalie Stats
Maxime Daigneault (N.J), 27 saves from 31 shots - (0.871), L, 23-14-5, 60:00 minutes
Jaroslav Halak (Nas), 37 saves from 39 shots - (0.949), W, 9-8-0, 60:00 minutes
Players Stats for Devils
Player Name G A P +/- PIM S H SB GA TA FO MP PP MP PK MP
------------------------------------------------------------------------------------
Aleksander Barkov 0 1 1 0 0 2 0 1 1 0 6/18 15:35 5:15 0:25
Anton Lander 0 0 0 0 0 1 0 0 0 0 2/5 6:56 0:00 0:06
Anton Stralman 0 1 1 0 0 3 0 2 0 2 0/0 25:03 6:08 2:56
Brian McGrattan 0 0 0 -1 0 0 0 0 0 0 1/2 13:23 0:00 0:06
Eric Tangradi 0 0 0 0 0 2 1 0 0 0 0/0 7:39 0:00 0:42
Jamie Arniel 0 0 0 -1 0 1 0 0 0 0 6/15 16:26 0:00 3:02
Jonathan Huberdeau 1 0 1 0 2 4 2 0 0 0 0/0 15:09 5:15 0:00
Kristopher Letang 0 0 0 1 0 4 1 0 0 1 0/0 22:47 7:45 0:00
Marek Svatos 0 0 0 0 0 0 5 0 0 0 0/0 15:10 5:15 0:00
Marian Gaborik 0 0 0 0 0 6 1 0 0 1 1/2 21:03 8:38 0:00
Mark Fistric 0 0 0 -2 0 1 1 1 0 2 0/0 21:43 6:08 0:37
Matt Donovan 0 0 0 0 0 0 1 1 0 0 0/0 15:48 0:00 2:56
Michael Del Zotto 0 1 1 -1 0 3 1 0 0 0 0/0 22:06 7:45 0:37
Miikka Salomaki 0 0 0 0 0 1 0 0 0 0 0/0 6:50 0:00 0:00
Nazem Kadri 1 0 1 0 0 4 3 0 0 1 10/27 21:03 8:38 0:00
Thomas Hickey 0 0 0 0 0 0 0 0 0 1 0/0 12:33 0:00 0:00
Tyler Ennis 0 1 1 0 0 2 1 0 0 0 1/4 22:20 8:38 1:17
Zach Parise 0 0 0 -1 2 5 0 0 1 1 0/0 14:51 0:00 1:28
Players Stats for Predators
Player Name G A P +/- PIM S H SB GA TA FO MP PP MP PK MP
------------------------------------------------------------------------------------
Alexander Edler 0 0 0 0 2 2 1 2 0 0 0/0 29:13 0:31 7:18
Alexander Ovechkin 0 0 0 0 2 1 2 0 1 0 8/13 23:11 3:22 7:54
Andy Miele 0 0 0 0 0 2 1 1 0 0 16/26 16:30 3:22 1:19
Brad Boyes 1 0 1 1 0 2 1 2 0 0 0/0 11:30 0:00 0:00
Brendan Gallagher 1 1 2 -1 2 3 2 0 1 0 4/4 15:28 0:11 3:00
Chris Higgins 1 0 1 1 0 4 1 0 1 0 0/0 7:43 0:00 0:57
Denis Grebeshkov 0 0 0 1 0 1 0 0 0 0 0/0 8:39 0:00 0:00
Jack Eichel 0 1 1 1 0 0 1 1 2 2 3/6 13:46 0:00 1:37
Jaden Schwartz 1 1 2 -1 0 7 2 0 0 0 1/1 16:23 0:11 3:49
John Moore 0 0 0 0 4 2 3 1 2 0 0/0 20:47 3:02 3:54
Justin Abdelkader 0 0 0 1 0 1 1 1 0 0 1/1 11:21 0:00 0:00
Justin Faulk 0 1 1 1 2 1 2 2 1 0 0/0 20:18 3:02 4:20
Mark Pysyk 0 1 1 1 2 0 0 0 0 0 0/0 6:45 0:00 0:00
Mikael Granlund 0 0 0 0 0 3 1 1 0 0 2/3 24:29 3:22 9:07
Nate Schmidt 0 0 0 0 0 1 2 3 0 0 0/0 12:40 0:00 3:40
Ryan Kesler 0 1 1 -1 0 0 2 0 0 0 11/17 11:16 0:11 0:03
Ryan Mcdonagh 0 0 0 0 0 1 1 1 1 0 0/0 29:50 0:31 8:34
Scott Laughton 0 0 0 1 0 0 0 0 0 0 0/2 6:11 0:00 0:00
3 Stars
1 - Jaroslav Halak (Nas)
2 - Jaden Schwartz (Nas)
3 - Brad Boyes (Nas)
Power Play
Devils - 0 on 7 Attempt(s) - 0.00%
Predators - 1 on 2 Attempt(s) - 50.00%
Penalty Kill
Devils - 1 on 2 Attempt(s) - 50.00%
- Score 0 goal in Penalty Kill
Predators - 7 on 7 Attempt(s) - 100.00%
- Score 0 goal in Penalty Kill
Team Stat
Devils - Hits : 17 - Faceoff Wins : 27 - Blocked Shots : 5 - Penalty Minutes : 4
Predators - Hits : 23 - Faceoff Wins : 46 - Blocked Shots : 15 - Penalty Minutes : 14
Official
Referees : Francis Charron and Kelly Sutherland
Linesman : Jonny Murray and Devin Berg
Game Notes
No Game Note
Finance
Level 1 -- Attendance: 6000 (100.00%) -- Ticket Income $600,000
Level 2 -- Attendance: 4793 (95.86%) -- Ticket Income $287,580
Level 3 -- Attendance: 2000 (100.00%) -- Ticket Income $70,000
Level 4 -- Attendance: 4000 (100.00%) -- Ticket Income $100,000
Luxury Box -- Attendance: 915 (91.50%) -- Ticket Income $183,000
Game was played at the Bridgestone arena.
Total Attendance: 17708 (98.38%)
Total Ticket Income: $1,240,580
Other Income: $186,087
Total Income: $1,426,667
Devils
5 vs 5 Forward
Center Left Wing Right Wing Time % Phy DF OF
1 Nazem Kadri Tyler Ennis Marian Gaborik 34 0 2 3
2 Jamie Arniel Zach Parise Brian McGrattan 30 0 3 2
3 Aleksander Barkov Jonathan Huberdeau Marek Svatos 26 0 2 3
4 Anton Lander Eric Tangradi Miikka Salomaki 10 0 2 3
5 vs 5 Defense
Defense Defense Time % Phy DF OF
1 Anton Stralman Kristopher Letang 38 0 3 2
2 Michael Del Zotto Mark Fistric 34 0 3 2
3 Matt Donovan Thomas Hickey 28 0 3 2
4 Anton Stralman Kristopher Letang 0 0 3 2
PowerPlay Forward
Center Left Wing Right Wing Time % Phy DF OF
1 Nazem Kadri Tyler Ennis Marian Gaborik 60 0 1 4
2 Aleksander Barkov Jonathan Huberdeau Marek Svatos 40 0 1 4
PowerPlay Defense
Defense Defense Time % Phy DF OF
1 Michael Del Zotto Kristopher Letang 60 0 2 3
2 Anton Stralman Mark Fistric 40 0 2 3
Penalty Kill 4 Players Forward
Center Wing Time % Phy DF OF
1 Jamie Arniel Zach Parise 60 1 4 0
2 Anton Lander Brian McGrattan 40 1 4 0
Penalty Kill 4 Players Defense
Defense Defense Time % Phy DF OF
1 Anton Stralman Matt Donovan 60 1 4 0
2 Mark Fistric Michael Del Zotto 40 1 4 0
Penalty Kill - 3 Players Forward
Forward Time % Phy DF OF
1 Tyler Ennis 60 0 4 1
2 Jamie Arniel 40 0 4 1
Penalty Kill - 3 Players Defense
Defense Defense Time % Phy DF OF
1 Anton Stralman Kristopher Letang 60 1 4 0
2 Michael Del Zotto Mark Fistric 40 1 4 0
4 vs 4 Forward
Center Wing Time % Phy DF OF
1 Nazem Kadri Tyler Ennis 60 0 2 3
2 Jamie Arniel Zach Parise 40 0 2 3
4 vs 4 Defense
Defense Defense Time % Phy DF OF
1 Anton Stralman Kristopher Letang 60 0 3 2
2 Michael Del Zotto Mark Fistric 40 0 3 2
Last Minutes Offensive
Center Left Wing Right Wing Defense Defense
Nazem Kadri Tyler Ennis Marian Gaborik Michael Del Zotto Kristopher Letang
Last Minutes Defensive
Center Left Wing Right Wing Defense Defense
Jamie Arniel Zach Parise Brian McGrattan Anton Stralman Mark Fistric
Goaltenders
Starting : Maxime Daigneault
Backup : Thomas McCollum
Extra Forwards
Normal : Jonathan Huberdeau, Zach Parise, Aleksander Barkov - PP : Zach Parise, Jamie Arniel - PK : Tyler Ennis
Extra Defensemen
Normal : Kristopher Letang, Matt Donovan, Mark Fistric - PP : Anton Stralman - PK : Kristopher Letang, Matt Donovan
Penalty Shots
Nazem Kadri, Tyler Ennis, Marian Gaborik, Aleksander Barkov, Jamie Arniel
Scratches
Chris Stewart (Healthy), Mike Weber (Healthy)
Predators
5 vs 5 Forward
Center Left Wing Right Wing Time % Phy DF OF
1 Andy Miele Alexander Ovechkin Mikael Granlund 40 1 2 2
2 Ryan Kesler Jaden Schwartz Brendan Gallagher 30 1 2 2
3 Jack Eichel Justin Abdelkader Brad Boyes 20 1 2 2
4 Scott Laughton Chris Higgins Mark Pysyk 10 1 2 2
5 vs 5 Defense
Defense Defense Time % Phy DF OF
1 Ryan Mcdonagh Alexander Edler 40 1 2 2
2 John Moore Justin Faulk 30 1 2 2
3 Nate Schmidt Denis Grebeshkov 20 1 2 2
4 Ryan Mcdonagh Alexander Edler 10 1 2 2
PowerPlay Forward
Center Left Wing Right Wing Time % Phy DF OF
1 Andy Miele Alexander Ovechkin Mikael Granlund 60 1 2 2
2 Ryan Kesler Jaden Schwartz Brendan Gallagher 40 1 2 2
PowerPlay Defense
Defense Defense Time % Phy DF OF
1 Ryan Mcdonagh Alexander Edler 60 1 2 2
2 John Moore Justin Faulk 40 1 2 2
Penalty Kill 4 Players Forward
Center Wing Time % Phy DF OF
1 Alexander Ovechkin Mikael Granlund 60 1 2 2
2 Brendan Gallagher Jaden Schwartz 40 1 2 2
Penalty Kill 4 Players Defense
Defense Defense Time % Phy DF OF
1 Ryan Mcdonagh Alexander Edler 60 1 2 2
2 John Moore Justin Faulk 40 1 2 2
Penalty Kill - 3 Players Forward
Forward Time % Phy DF OF
1 Alexander Ovechkin 60 1 2 2
2 Mikael Granlund 40 1 2 2
Penalty Kill - 3 Players Defense
Defense Defense Time % Phy DF OF
1 Ryan Mcdonagh Alexander Edler 60 1 2 2
2 John Moore Justin Faulk 40 1 2 2
4 vs 4 Forward
Center Wing Time % Phy DF OF
1 Alexander Ovechkin Mikael Granlund 60 1 2 2
2 Brendan Gallagher Jaden Schwartz 40 1 2 2
4 vs 4 Defense
Defense Defense Time % Phy DF OF
1 Ryan Mcdonagh Alexander Edler 60 1 2 2
2 John Moore Justin Faulk 40 1 2 2
Last Minutes Offensive
Center Left Wing Right Wing Defense Defense
Andy Miele Alexander Ovechkin Mikael Granlund Ryan Mcdonagh Alexander Edler
Last Minutes Defensive
Center Left Wing Right Wing Defense Defense
Andy Miele Alexander Ovechkin Mikael Granlund Ryan Mcdonagh Alexander Edler
Goaltenders
Starting : Jaroslav Halak
Backup : Kari Lehtonen
Extra Forwards
Normal : Brad Boyes, Justin Abdelkader, Jack Eichel - PP : Brad Boyes, Justin Abdelkader - PK : Jack Eichel
Extra Defensemen
Normal : Justin Faulk, Denis Grebeshkov, John Moore - PP : Denis Grebeshkov - PK : Nate Schmidt, Denis Grebeshkov
Penalty Shots
Alexander Ovechkin, Mikael Granlund, Brendan Gallagher, Jaden Schwartz, Brad Boyes
Scratches
Mike Brown (Healthy)
% Time on Ice - Devils
Lines # - Real PCT - Wanted PCT - Time Play
Normal Forward
1 - 29% - 34% - 12:32
2 - 31% - 30% - 13:24
3 - 23% - 26% - 9:48
4 - 16% - 10% - 6:50
Normal Defense
1 - 35% - 38% - 15:03
2 - 35% - 34% - 14:58
3 - 29% - 28% - 12:33
4 - 0% - 0% - 0:00
PP Forward
1 - 62% - 60% - 8:38
2 - 38% - 40% - 5:15
PP Defense
1 - 56% - 60% - 7:45
2 - 44% - 40% - 6:08
PK Forward
1 - 97% - 60% - 3:27
2 - 3% - 40% - 0:06
PK Defense
1 - 83% - 60% - 2:56
2 - 17% - 40% - 0:37
PK3 Forward
1 - 0% - 60%
2 - 0% - 40%
PK3 Defense
1 - 0% - 60%
2 - 0% - 40%
44 Forward
1 - 0% - 60%
2 - 0% - 40%
44 Defense
1 - 0% - 60%
2 - 0% - 40%
Last Minute Offensive - 0:00
Last Minute Defensive - 0:00
Total
Forward - 60:00
Defense - 60:00
|
% Time on Ice - Predators
Lines # - Real PCT - Wanted PCT - Time Play
Normal Forward
1 - 30% - 40% - 12:35
2 - 29% - 30% - 12:33
3 - 26% - 20% - 11:15
4 - 15% - 10% - 6:11
Normal Defense
1 - 46% - 40% - 19:30
2 - 30% - 30% - 12:35
3 - 20% - 20% - 8:39
4 - 4% - 10% - 1:50
PP Forward
1 - 95% - 60% - 3:22
2 - 5% - 40% - 0:11
PP Defense
1 - 15% - 60% - 0:31
2 - 85% - 40% - 3:02
PK Forward
1 - 73% - 60% - 10:04
2 - 27% - 40% - 3:49
PK Defense
1 - 62% - 60% - 8:39
2 - 38% - 40% - 5:14
PK3 Forward
1 - 0% - 60%
2 - 0% - 40%
PK3 Defense
1 - 0% - 60%
2 - 0% - 40%
44 Forward
1 - 0% - 60%
2 - 0% - 40%
44 Defense
1 - 0% - 60%
2 - 0% - 40%
Last Minute Offensive - 0:00
Last Minute Defensive - 0:00
Total
Forward - 60:00
Defense - 60:00
|
Play-by-Play
1st period
0:01 of 1st period - Andy Miele wins face-off versus Nazem Kadri in neutral zone.
0:10 of 1st period - Kristopher Letang is hit by Andy Miele and loses puck.
0:30 of 1st period - Slapshot by Alexander Ovechkin.
0:30 of 1st period - Deflect By Brendan Gallagher.
0:30 of 1st period - Shot Misses the Net.
0:30 of 1st period - Puck is out of play.
0:31 of 1st period - Ryan Kesler wins face-off versus Jamie Arniel in Devils zone.
0:36 of 1st period - Backhand shot by Jaden Schwartz.
0:36 of 1st period - Stopped by Maxime Daigneault with a rebound.
0:46 of 1st period - Mark Fistric is hit by Ryan Kesler and loses puck.
1:22 of 1st period - Thomas Hickey is hit by John Moore and loses puck.
1:32 of 1st period - Minor Penalty to Mark Pysyk for Delaying the game.
1:33 of 1st period - Alexander Ovechkin wins face-off versus Nazem Kadri in Predators zone.
1:59 of 1st period - Alexander Edler is hit by Marek Svatos and loses puck.
2:14 of 1st period - Kristopher Letang is hit by Jaden Schwartz and loses puck.
3:32 of 1st period - Penalty to Mark Pysyk is over, Mark Pysyk is back on ice.
3:49 of 1st period - Matt Donovan is hit by Jack Eichel.
4:04 of 1st period - Slapshot by Chris Higgins.
4:04 of 1st period - Shot Misses the Net.
4:06 of 1st period - Wrist shot by Chris Higgins.
4:06 of 1st period - Stopped by Maxime Daigneault without a rebound.
4:07 of 1st period - Ryan Kesler wins face-off versus Anton Lander in Devils zone.
4:32 of 1st period - John Moore is hit by Kristopher Letang and loses puck.
4:59 of 1st period - Wrist shot by Tyler Ennis.
4:59 of 1st period - Shot Misses the Net.
5:01 of 1st period - Wrist shot by Marian Gaborik.
5:01 of 1st period - Shot Misses the Net.
5:05 of 1st period - Wrist shot by Tyler Ennis.
5:05 of 1st period - Shot Blocked by Jack Eichel.
5:22 of 1st period - Nate Schmidt is hit by Mark Fistric.
5:40 of 1st period - Snap shot by Aleksander Barkov.
5:40 of 1st period - Shot Misses the Net.
6:00 of 1st period - Nazem Kadri is hit by Chris Higgins and loses puck.
6:17 of 1st period - Anton Lander is hit by Brendan Gallagher.
7:39 of 1st period - Snap shot by Eric Tangradi.
7:39 of 1st period - Shot Blocked by Nate Schmidt.
7:41 of 1st period - Slapshot by Eric Tangradi.
7:41 of 1st period - Stopped by Jaroslav Halak without a rebound.
7:42 of 1st period - Jamie Arniel wins face-off versus Andy Miele in Predators zone.
7:43 of 1st period - Slapshot by Kristopher Letang.
7:43 of 1st period - Shot Blocked by Mikael Granlund.
7:54 of 1st period - Snap shot by Mikael Granlund.
7:54 of 1st period - Stopped by Maxime Daigneault without a rebound.
7:55 of 1st period - Nazem Kadri wins face-off versus Andy Miele in Devils zone.
8:04 of 1st period - Slapshot by Tyler Ennis.
8:04 of 1st period - Deflect By Ryan Mcdonagh.
8:04 of 1st period - Shot Blocked by Alexander Edler.
8:04 of 1st period - Puck is out of play.
8:05 of 1st period - Alexander Ovechkin wins face-off versus Tyler Ennis in Predators zone.
8:05 of 1st period - Alexander Ovechkin is hit by Marian Gaborik.
8:26 of 1st period - Minor Penalty to Alexander Edler for Tripping.
8:27 of 1st period - Nazem Kadri wins face-off versus Alexander Ovechkin in Predators zone.
8:59 of 1st period - Wrist shot by Aleksander Barkov.
8:59 of 1st period - Deflect By Ryan Mcdonagh.
8:59 of 1st period - Stopped by Jaroslav Halak without a rebound.
9:00 of 1st period - Brendan Gallagher wins face-off versus Nazem Kadri in Predators zone.
9:12 of 1st period - Off-side.
9:13 of 1st period - Alexander Ovechkin wins face-off versus Nazem Kadri in neutral zone.
9:27 of 1st period - Wrist shot by Tyler Ennis.
9:27 of 1st period - Stopped by Jaroslav Halak without a rebound.
9:28 of 1st period - Alexander Ovechkin wins face-off versus Nazem Kadri in Predators zone.
10:26 of 1st period - Penalty to Alexander Edler is over, Alexander Edler is back on ice.
10:30 of 1st period - Off-side.
10:31 of 1st period - Jamie Arniel wins face-off versus Jack Eichel in neutral zone.
10:37 of 1st period - Off-side.
10:38 of 1st period - Justin Abdelkader wins face-off versus Brian McGrattan in neutral zone.
11:21 of 1st period - Snap shot by Zach Parise.
11:21 of 1st period - Shot Blocked by Brad Boyes.
12:32 of 1st period - Wrist shot by Zach Parise.
12:32 of 1st period - Stopped by Jaroslav Halak without a rebound.
12:33 of 1st period - Mikael Granlund wins face-off versus Tyler Ennis in Predators zone.
12:44 of 1st period - Wrist shot by Nazem Kadri.
12:44 of 1st period - Stopped by Jaroslav Halak with a rebound.
12:46 of 1st period - Snap shot by Tyler Ennis.
12:46 of 1st period - Shot Misses the Net.
13:20 of 1st period - Slapshot by Aleksander Barkov.
13:20 of 1st period - Shot Misses the Net.
13:22 of 1st period - Wrist shot by Jonathan Huberdeau.
13:22 of 1st period - Stopped by Jaroslav Halak without a rebound.
13:23 of 1st period - Aleksander Barkov wins face-off versus Ryan Kesler in Predators zone.
13:30 of 1st period - Snap shot by Jonathan Huberdeau.
13:30 of 1st period - Goal by Jonathan Huberdeau - Devils : 1 - Predators : 0.
13:31 of 1st period - Ryan Kesler wins face-off versus Nazem Kadri in neutral zone.
13:34 of 1st period - Mark Fistric is hit by John Moore and loses puck.
13:41 of 1st period - Slapshot by Brendan Gallagher.
13:41 of 1st period - Stopped by Maxime Daigneault with a rebound.
13:43 of 1st period - Snap shot by Jaden Schwartz.
13:43 of 1st period - Shot Misses the Net.
13:45 of 1st period - Slapshot by John Moore.
13:45 of 1st period - Stopped by Maxime Daigneault without a rebound.
13:46 of 1st period - Andy Miele wins face-off versus Aleksander Barkov in Devils zone.
13:53 of 1st period - Snap shot by Alexander Ovechkin.
13:53 of 1st period - Shot Misses the Net.
13:55 of 1st period - Slapshot by Ryan Mcdonagh.
13:55 of 1st period - Deflect By Mikael Granlund.
13:55 of 1st period - Shot Blocked by Mark Fistric.
13:55 of 1st period - Puck is out of play.
13:56 of 1st period - Aleksander Barkov wins face-off versus Andy Miele in Devils zone.
14:19 of 1st period - Wrist shot by Alexander Ovechkin.
14:19 of 1st period - Stopped by Maxime Daigneault without a rebound.
14:20 of 1st period - Nazem Kadri wins face-off versus Ryan Kesler in Devils zone.
14:29 of 1st period - Slapshot by Anton Stralman.
14:29 of 1st period - Shot Blocked by John Moore.
14:31 of 1st period - Snap shot by Nazem Kadri.
14:31 of 1st period - Stopped by Jaroslav Halak with a rebound.
14:35 of 1st period - Snap shot by Nazem Kadri.
14:35 of 1st period - Goal by Nazem Kadri - Devils : 2 - Predators : 0.
14:36 of 1st period - Nazem Kadri wins face-off versus Ryan Kesler in neutral zone.
15:09 of 1st period - Wrist shot by Mikael Granlund.
15:09 of 1st period - Shot Misses the Net.
15:42 of 1st period - Off-side.
15:43 of 1st period - Anton Lander wins face-off versus Jack Eichel in neutral zone.
16:29 of 1st period - Jonathan Huberdeau is hit by Alexander Edler.
16:35 of 1st period - Alexander Edler is hit by Jonathan Huberdeau and loses puck.
17:08 of 1st period - Alexander Edler is hit by Nazem Kadri and loses puck.
17:35 of 1st period - Slapshot by Ryan Mcdonagh.
17:35 of 1st period - Shot Misses the Net.
17:41 of 1st period - Slapshot by Alexander Edler.
17:41 of 1st period - Stopped by Maxime Daigneault with a rebound.
17:53 of 1st period - Wrist shot by Chris Higgins.
17:53 of 1st period - Deflect By Marian Gaborik.
17:53 of 1st period - Stopped by Maxime Daigneault with a rebound.
17:55 of 1st period - Slapshot by Alexander Edler.
17:55 of 1st period - Stopped by Maxime Daigneault with a rebound.
17:59 of 1st period - Snap shot by Chris Higgins.
17:59 of 1st period - Stopped by Maxime Daigneault without a rebound.
18:00 of 1st period - Andy Miele wins face-off versus Aleksander Barkov in Devils zone.
18:05 of 1st period - Snap shot by Alexander Ovechkin.
18:05 of 1st period - Deflect By Mikael Granlund.
18:05 of 1st period - Shot Misses the Net.
18:05 of 1st period - Puck is out of play.
18:06 of 1st period - Aleksander Barkov wins face-off versus Mikael Granlund in Devils zone.
18:08 of 1st period - Minor Penalty to Jonathan Huberdeau for Hooking.
18:09 of 1st period - Andy Miele wins face-off versus Jamie Arniel in Devils zone.
18:30 of 1st period - Jamie Arniel is hit by John Moore and loses puck.
18:45 of 1st period - Matt Donovan is hit by Mikael Granlund and loses puck.
19:30 of 1st period - Snap shot by Alexander Ovechkin.
19:30 of 1st period - Shot Misses the Net.
19:32 of 1st period - Slapshot by John Moore.
19:32 of 1st period - Shot Blocked by Anton Stralman.
19:34 of 1st period - Slapshot by Justin Faulk.
19:34 of 1st period - Shot Misses the Net.
19:36 of 1st period - Snap shot by Mikael Granlund.
19:36 of 1st period - Stopped by Maxime Daigneault without a rebound.
19:37 of 1st period - Ryan Kesler wins face-off versus Anton Lander in Devils zone.
19:40 of 1st period - Snap shot by Jaden Schwartz.
19:40 of 1st period - Shot Misses the Net.
19:42 of 1st period - Snap shot by Brendan Gallagher.
19:42 of 1st period - Goal by Brendan Gallagher - Devils : 2 - Predators : 1.
19:43 of 1st period - Ryan Kesler wins face-off versus Nazem Kadri in neutral zone.
Goals for this period are 2 for Devils vs 1 for Predators.
Shots for this period are 9 for Devils vs 12 for Predators.
2nd period
0:01 of 2nd period - Aleksander Barkov wins face-off versus Andy Miele in neutral zone.
0:03 of 2nd period - Anton Stralman is hit by Justin Faulk.
1:18 of 2nd period - Snap shot by Mikael Granlund.
1:18 of 2nd period - Deflect By Andy Miele.
1:18 of 2nd period - Stopped by Maxime Daigneault without a rebound.
1:19 of 2nd period - Ryan Kesler wins face-off versus Aleksander Barkov in Devils zone.
1:25 of 2nd period - Icing by Michael Del Zotto.
1:26 of 2nd period - Jaden Schwartz wins face-off versus Aleksander Barkov in Devils zone.
1:29 of 2nd period - Slapshot by Jaden Schwartz.
1:29 of 2nd period - Deflect By Marek Svatos.
1:29 of 2nd period - Goal by Jaden Schwartz - Devils : 2 - Predators : 2.
1:30 of 2nd period - Ryan Kesler wins face-off versus Nazem Kadri in neutral zone.
2:37 of 2nd period - Matt Donovan is hit by Nate Schmidt and loses puck.
3:18 of 2nd period - Wrist shot by Aleksander Barkov.
3:18 of 2nd period - Stopped by Jaroslav Halak without a rebound.
3:19 of 2nd period - Jack Eichel wins face-off versus Aleksander Barkov in Predators zone.
3:24 of 2nd period - Snap shot by Brad Boyes.
3:24 of 2nd period - Stopped by Maxime Daigneault without a rebound.
3:25 of 2nd period - Tyler Ennis wins face-off versus Ryan Kesler in Devils zone.
3:29 of 2nd period - Off-side.
3:30 of 2nd period - Ryan Kesler wins face-off versus Nazem Kadri in neutral zone.
3:33 of 2nd period - Anton Stralman is hit by Jaden Schwartz and loses puck.
3:52 of 2nd period - Minor Penalty to Brendan Gallagher for Hooking.
3:53 of 2nd period - Mikael Granlund wins face-off versus Nazem Kadri in Predators zone.
4:30 of 2nd period - Snap shot by Jonathan Huberdeau.
4:30 of 2nd period - Stopped by Jaroslav Halak without a rebound.
4:31 of 2nd period - Alexander Ovechkin wins face-off versus Aleksander Barkov in Predators zone.
5:28 of 2nd period - Ryan Mcdonagh is hit by Nazem Kadri and loses puck.
5:52 of 2nd period - Penalty to Brendan Gallagher is over, Brendan Gallagher is back on ice.
6:17 of 2nd period - Brendan Gallagher is hit by Matt Donovan and loses puck.
6:34 of 2nd period - Brendan Gallagher is hit by Marek Svatos and loses puck.
7:41 of 2nd period - Minor Penalty to John Moore for Holding.
7:42 of 2nd period - Alexander Ovechkin wins face-off versus Nazem Kadri in Predators zone.
7:42 of 2nd period - Alexander Ovechkin is hit by Michael Del Zotto.
7:51 of 2nd period - Icing by Michael Del Zotto.
7:52 of 2nd period - Nazem Kadri wins face-off versus Alexander Ovechkin in Devils zone.
8:15 of 2nd period - Snap shot by Marian Gaborik.
8:15 of 2nd period - Stopped by Jaroslav Halak with a rebound.
8:17 of 2nd period - Slapshot by Nazem Kadri.
8:17 of 2nd period - Shot Misses the Net.
8:19 of 2nd period - Snap shot by Marian Gaborik.
8:19 of 2nd period - Shot Blocked by Nate Schmidt.
8:21 of 2nd period - Wrist shot by Marian Gaborik.
8:21 of 2nd period - Stopped by Jaroslav Halak without a rebound.
8:22 of 2nd period - Alexander Ovechkin wins face-off versus Aleksander Barkov in Predators zone.
8:37 of 2nd period - Wrist shot by Jonathan Huberdeau.
8:37 of 2nd period - Shot Blocked by Nate Schmidt.
8:47 of 2nd period - Nazem Kadri is hit by Nate Schmidt and loses puck.
8:52 of 2nd period - Snap shot by Jaden Schwartz.
8:52 of 2nd period - Stopped by Maxime Daigneault without a rebound.
8:53 of 2nd period - Brendan Gallagher wins face-off versus Aleksander Barkov in Devils zone.
9:20 of 2nd period - Ryan Mcdonagh is hit by Nazem Kadri and loses puck.
9:41 of 2nd period - Penalty to John Moore is over, John Moore is back on ice.
9:45 of 2nd period - Wrist shot by Jaden Schwartz.
9:45 of 2nd period - Deflect By Brendan Gallagher.
9:45 of 2nd period - Stopped by Maxime Daigneault with a rebound.
10:17 of 2nd period - Snap shot by Justin Abdelkader.
10:17 of 2nd period - Shot Misses the Net.
10:19 of 2nd period - Wrist shot by Justin Abdelkader.
10:19 of 2nd period - Stopped by Maxime Daigneault with a rebound.
11:26 of 2nd period - Slapshot by Kristopher Letang.
11:26 of 2nd period - Stopped by Jaroslav Halak with a rebound.
11:28 of 2nd period - Slapshot by Kristopher Letang.
11:28 of 2nd period - Shot Misses the Net.
11:30 of 2nd period - Wrist shot by Kristopher Letang.
11:30 of 2nd period - Deflect By Aleksander Barkov.
11:30 of 2nd period - Shot Misses the Net.
11:30 of 2nd period - Puck is out of play.
11:31 of 2nd period - Ryan Kesler wins face-off versus Aleksander Barkov in Predators zone.
11:49 of 2nd period - Wrist shot by Jonathan Huberdeau.
11:49 of 2nd period - Shot Blocked by Justin Faulk.
11:51 of 2nd period - Minor Penalty to John Moore for Interference.
11:52 of 2nd period - Alexander Ovechkin wins face-off versus Nazem Kadri in Predators zone.
12:29 of 2nd period - Slapshot by Kristopher Letang.
12:29 of 2nd period - Stopped by Jaroslav Halak without a rebound.
12:30 of 2nd period - Brendan Gallagher wins face-off versus Nazem Kadri in Predators zone.
12:39 of 2nd period - Slapshot by Mikael Granlund.
12:39 of 2nd period - Stopped by Maxime Daigneault with a rebound.
12:42 of 2nd period - Icing by Anton Stralman.
12:43 of 2nd period - Nazem Kadri wins face-off versus Alexander Ovechkin in Devils zone.
13:43 of 2nd period - Slapshot by Marian Gaborik.
13:43 of 2nd period - Shot Misses the Net.
13:49 of 2nd period - Snap shot by Marian Gaborik.
13:49 of 2nd period - Shot Misses the Net.
13:51 of 2nd period - Penalty to John Moore is over, John Moore is back on ice.
13:51 of 2nd period - Snap shot by Nazem Kadri.
13:51 of 2nd period - Deflect By Marian Gaborik.
13:51 of 2nd period - Stopped by Jaroslav Halak with a rebound.
13:53 of 2nd period - Slapshot by Tyler Ennis.
13:53 of 2nd period - Shot Misses the Net.
13:55 of 2nd period - Wrist shot by Nazem Kadri.
13:55 of 2nd period - Shot Misses the Net.
14:41 of 2nd period - Wrist shot by Marian Gaborik.
14:41 of 2nd period - Shot Misses the Net.
14:43 of 2nd period - Snap shot by Mark Fistric.
14:43 of 2nd period - Stopped by Jaroslav Halak with a rebound.
14:45 of 2nd period - Slapshot by Anton Stralman.
14:45 of 2nd period - Stopped by Jaroslav Halak without a rebound.
14:46 of 2nd period - Brendan Gallagher wins face-off versus Aleksander Barkov in Predators zone.
14:57 of 2nd period - Snap shot by Jonathan Huberdeau.
14:57 of 2nd period - Shot Misses the Net.
14:59 of 2nd period - Snap shot by Marek Svatos.
14:59 of 2nd period - Shot Misses the Net.
15:01 of 2nd period - Slapshot by Jonathan Huberdeau.
15:01 of 2nd period - Shot Misses the Net.
15:15 of 2nd period - Snap shot by Zach Parise.
15:15 of 2nd period - Stopped by Jaroslav Halak without a rebound.
15:16 of 2nd period - Jack Eichel wins face-off versus Jamie Arniel in Predators zone.
15:21 of 2nd period - Thomas Hickey is hit by Brad Boyes and loses puck.
15:49 of 2nd period - Justin Faulk is hit by Eric Tangradi and loses puck.
15:56 of 2nd period - Snap shot by John Moore.
15:56 of 2nd period - Stopped by Maxime Daigneault without a rebound.
15:57 of 2nd period - Ryan Kesler wins face-off versus Aleksander Barkov in Devils zone.
15:58 of 2nd period - Wrist shot by Jaden Schwartz.
15:58 of 2nd period - Shot Blocked by Aleksander Barkov.
16:04 of 2nd period - Wrist shot by Anton Stralman.
16:04 of 2nd period - Deflect By Ryan Kesler.
16:04 of 2nd period - Stopped by Jaroslav Halak with a rebound.
16:06 of 2nd period - Slapshot by Michael Del Zotto.
16:06 of 2nd period - Stopped by Jaroslav Halak without a rebound.
16:07 of 2nd period - Aleksander Barkov wins face-off versus Ryan Kesler in Predators zone.
16:44 of 2nd period - Snap shot by Jaden Schwartz.
16:44 of 2nd period - Stopped by Maxime Daigneault without a rebound.
16:45 of 2nd period - Jamie Arniel wins face-off versus Andy Miele in Devils zone.
16:45 of 2nd period - Jamie Arniel is hit by Alexander Ovechkin.
16:48 of 2nd period - Icing by Anton Stralman.
16:49 of 2nd period - Jamie Arniel wins face-off versus Andy Miele in Devils zone.
18:25 of 2nd period - Minor Penalty to Zach Parise for Tripping.
18:26 of 2nd period - Andy Miele wins face-off versus Jamie Arniel in Devils zone.
18:35 of 2nd period - Wrist shot by Andy Miele.
18:35 of 2nd period - Shot Misses the Net.
18:37 of 2nd period - Snap shot by Andy Miele.
18:37 of 2nd period - Stopped by Maxime Daigneault without a rebound.
18:38 of 2nd period - Andy Miele wins face-off versus Tyler Ennis in Devils zone.
18:45 of 2nd period - Wrist shot by Andy Miele.
18:45 of 2nd period - Shot Misses the Net.
18:47 of 2nd period - Wrist shot by Justin Faulk.
18:47 of 2nd period - Stopped by Maxime Daigneault without a rebound.
18:48 of 2nd period - Andy Miele wins face-off versus Jamie Arniel in Devils zone.
19:13 of 2nd period - Matt Donovan is hit by Justin Faulk and loses puck.
Goals for this period are 0 for Devils vs 1 for Predators.
Shots for this period are 12 for Devils vs 11 for Predators.
3rd period
0:01 of 3rd period - Andy Miele wins face-off versus Jamie Arniel in neutral zone.
0:14 of 3rd period - Snap shot by Alexander Edler.
0:14 of 3rd period - Shot Blocked by Anton Stralman.
0:16 of 3rd period - Wrist shot by Mikael Granlund.
0:16 of 3rd period - Shot Misses the Net.
0:25 of 3rd period - Penalty to Zach Parise is over, Zach Parise is back on ice.
0:31 of 3rd period - Slapshot by Jaden Schwartz.
0:31 of 3rd period - Deflect By Mark Fistric.
0:31 of 3rd period - Stopped by Maxime Daigneault without a rebound.
0:32 of 3rd period - Nazem Kadri wins face-off versus Andy Miele in Devils zone.
1:32 of 3rd period - Snap shot by Ryan Mcdonagh.
1:32 of 3rd period - Shot Misses the Net.
1:54 of 3rd period - Kristopher Letang is hit by Alexander Ovechkin and loses puck.
3:32 of 3rd period - Snap shot by Ryan Mcdonagh.
3:32 of 3rd period - Stopped by Maxime Daigneault with a rebound.
3:59 of 3rd period - Andy Miele is hit by Jonathan Huberdeau and loses puck.
4:20 of 3rd period - Snap shot by Chris Higgins.
4:20 of 3rd period - Shot Blocked by Matt Donovan.
4:22 of 3rd period - Snap shot by Nate Schmidt.
4:22 of 3rd period - Deflect By Jonathan Huberdeau.
4:22 of 3rd period - Stopped by Maxime Daigneault with a rebound.
4:24 of 3rd period - Slapshot by Denis Grebeshkov.
4:24 of 3rd period - Deflect By Thomas Hickey.
4:24 of 3rd period - Stopped by Maxime Daigneault without a rebound.
4:25 of 3rd period - Nazem Kadri wins face-off versus Scott Laughton in Devils zone.
4:29 of 3rd period - Off-side.
4:30 of 3rd period - Andy Miele wins face-off versus Nazem Kadri in neutral zone.
5:15 of 3rd period - Wrist shot by Tyler Ennis.
5:15 of 3rd period - Shot Blocked by Justin Faulk.
5:17 of 3rd period - Snap shot by Marian Gaborik.
5:17 of 3rd period - Shot Misses the Net.
5:19 of 3rd period - Slapshot by Anton Stralman.
5:19 of 3rd period - Shot Misses the Net.
5:21 of 3rd period - Snap shot by Tyler Ennis.
5:21 of 3rd period - Shot Misses the Net.
5:23 of 3rd period - Slapshot by Tyler Ennis.
5:23 of 3rd period - Stopped by Jaroslav Halak without a rebound.
5:24 of 3rd period - Andy Miele wins face-off versus Jamie Arniel in Predators zone.
5:51 of 3rd period - Michael Del Zotto is hit by Brendan Gallagher and loses puck.
6:12 of 3rd period - Snap shot by Michael Del Zotto.
6:12 of 3rd period - Stopped by Jaroslav Halak with a rebound.
6:50 of 3rd period - Off-side.
6:51 of 3rd period - Andy Miele wins face-off versus Marian Gaborik in neutral zone.
6:53 of 3rd period - Off-side.
6:54 of 3rd period - Andy Miele wins face-off versus Nazem Kadri in neutral zone.
6:59 of 3rd period - Alexander Edler is hit by Tyler Ennis.
7:47 of 3rd period - Wrist shot by Jonathan Huberdeau.
7:47 of 3rd period - Shot Misses the Net.
7:49 of 3rd period - Slapshot by Kristopher Letang.
7:49 of 3rd period - Shot Blocked by Justin Abdelkader.
7:51 of 3rd period - Slapshot by Kristopher Letang.
7:51 of 3rd period - Stopped by Jaroslav Halak with a rebound.
9:35 of 3rd period - Snap shot by Brad Boyes.
9:35 of 3rd period - Goal by Brad Boyes - Devils : 2 - Predators : 3.
9:36 of 3rd period - Marian Gaborik wins face-off versus Andy Miele in neutral zone.
10:13 of 3rd period - Snap shot by Marian Gaborik.
10:13 of 3rd period - Stopped by Jaroslav Halak with a rebound.
10:37 of 3rd period - Snap shot by Marian Gaborik.
10:37 of 3rd period - Shot Blocked by Brad Boyes.
10:39 of 3rd period - Backhand shot by Marian Gaborik.
10:39 of 3rd period - Stopped by Jaroslav Halak with a rebound.
10:43 of 3rd period - Wrist shot by Nazem Kadri.
10:43 of 3rd period - Stopped by Jaroslav Halak without a rebound.
10:44 of 3rd period - Jamie Arniel wins face-off versus Andy Miele in Predators zone.
11:11 of 3rd period - Aleksander Barkov is hit by Ryan Kesler and loses puck.
11:33 of 3rd period - Icing by Ryan Mcdonagh.
11:34 of 3rd period - Anton Lander wins face-off versus Scott Laughton in Predators zone.
11:37 of 3rd period - Wrist shot by Anton Lander.
11:37 of 3rd period - Deflect By Miikka Salomaki.
11:37 of 3rd period - Shot Hit the Post.
11:37 of 3rd period - Puck is out of play.
11:38 of 3rd period - Brian McGrattan wins face-off versus Andy Miele in Predators zone.
11:39 of 3rd period - Wrist shot by Zach Parise.
11:39 of 3rd period - Stopped by Jaroslav Halak with a rebound.
11:41 of 3rd period - Snap shot by Michael Del Zotto.
11:41 of 3rd period - Stopped by Jaroslav Halak with a rebound.
11:43 of 3rd period - Slapshot by Mark Fistric.
11:43 of 3rd period - Deflect By Brian McGrattan.
11:43 of 3rd period - Shot Blocked by Andy Miele.
11:43 of 3rd period - Puck is out of play.
11:44 of 3rd period - Andy Miele wins face-off versus Jamie Arniel in Predators zone.
11:46 of 3rd period - Minor Penalty to Justin Faulk for Cross-checking.
11:47 of 3rd period - Nazem Kadri wins face-off versus Alexander Ovechkin in Predators zone.
11:47 of 3rd period - Snap shot by Tyler Ennis.
11:47 of 3rd period - Shot Blocked by Alexander Edler.
11:49 of 3rd period - Slapshot by Kristopher Letang.
11:49 of 3rd period - Stopped by Jaroslav Halak with a rebound.
11:51 of 3rd period - Slapshot by Kristopher Letang.
11:51 of 3rd period - Shot Misses the Net.
11:53 of 3rd period - Backhand shot by Marian Gaborik.
11:53 of 3rd period - Shot Misses the Net.
11:55 of 3rd period - Wrist shot by Marian Gaborik.
11:55 of 3rd period - Shot Misses the Net.
11:57 of 3rd period - Wrist shot by Marian Gaborik.
11:57 of 3rd period - Stopped by Jaroslav Halak without a rebound.
11:58 of 3rd period - Nazem Kadri wins face-off versus Alexander Ovechkin in Predators zone.
12:25 of 3rd period - Jaden Schwartz is hit by Marek Svatos and loses puck.
12:32 of 3rd period - Wrist shot by Marek Svatos.
12:32 of 3rd period - Shot Misses the Net.
12:34 of 3rd period - Slapshot by Anton Stralman.
12:34 of 3rd period - Deflect By Jonathan Huberdeau.
12:34 of 3rd period - Stopped by Jaroslav Halak with a rebound.
13:24 of 3rd period - Brendan Gallagher is hit by Marek Svatos and loses puck.
13:46 of 3rd period - Penalty to Justin Faulk is over, Justin Faulk is back on ice.
14:07 of 3rd period - Slapshot by Chris Higgins.
14:07 of 3rd period - Goal by Chris Higgins - Devils : 2 - Predators : 4.
14:08 of 3rd period - Jamie Arniel wins face-off versus Ryan Kesler in neutral zone.
14:33 of 3rd period - Matt Donovan is hit by Justin Abdelkader.
14:53 of 3rd period - Snap shot by Zach Parise.
14:53 of 3rd period - Stopped by Jaroslav Halak with a rebound.
14:55 of 3rd period - Wrist shot by Anton Stralman.
14:55 of 3rd period - Shot Misses the Net.
15:15 of 3rd period - Snap shot by Zach Parise.
15:15 of 3rd period - Stopped by Jaroslav Halak with a rebound.
15:17 of 3rd period - Wrist shot by Brian McGrattan.
15:17 of 3rd period - Shot Blocked by Ryan Mcdonagh.
15:53 of 3rd period - Slapshot by Jamie Arniel.
15:53 of 3rd period - Shot Misses the Net.
15:55 of 3rd period - Wrist shot by Jamie Arniel.
15:55 of 3rd period - Stopped by Jaroslav Halak without a rebound.
15:56 of 3rd period - Andy Miele wins face-off versus Aleksander Barkov in Predators zone.
15:58 of 3rd period - Minor Penalty to Alexander Ovechkin for Tripping.
15:59 of 3rd period - Andy Miele wins face-off versus Nazem Kadri in Predators zone.
16:25 of 3rd period - Andy Miele is hit by Marek Svatos and loses puck.
16:32 of 3rd period - Snap shot by Anton Stralman.
16:32 of 3rd period - Deflect By Jonathan Huberdeau.
16:32 of 3rd period - Deflect By Justin Faulk.
16:32 of 3rd period - Shot Misses the Net.
16:32 of 3rd period - Puck is out of play.
16:33 of 3rd period - Jack Eichel wins face-off versus Nazem Kadri in Predators zone.
17:10 of 3rd period - Slapshot by Jonathan Huberdeau.
17:10 of 3rd period - Shot Misses the Net.
17:58 of 3rd period - Penalty to Alexander Ovechkin is over, Alexander Ovechkin is back on ice.
18:08 of 3rd period - Wrist shot by Jaden Schwartz.
18:08 of 3rd period - Stopped by Maxime Daigneault with a rebound.
18:10 of 3rd period - Slapshot by Jaden Schwartz.
18:10 of 3rd period - Stopped by Maxime Daigneault without a rebound.
18:11 of 3rd period - Ryan Kesler wins face-off versus Anton Lander in Devils zone.
18:12 of 3rd period - Snap shot by Jaden Schwartz.
18:12 of 3rd period - Shot Misses the Net.
18:51 of 3rd period - Anton Lander is hit by Ryan Mcdonagh and loses puck.
19:00 of 3rd period - Snap shot by Anton Lander.
19:00 of 3rd period - Deflect By Miikka Salomaki.
19:00 of 3rd period - Stopped by Jaroslav Halak with a rebound.
19:02 of 3rd period - Snap shot by Anton Lander.
19:02 of 3rd period - Stopped by Jaroslav Halak with a rebound.
19:04 of 3rd period - Snap shot by Eric Tangradi.
19:04 of 3rd period - Stopped by Jaroslav Halak with a rebound.
19:06 of 3rd period - Snap shot by Anton Stralman.
19:06 of 3rd period - Deflect By Ryan Mcdonagh.
19:06 of 3rd period - Stopped by Jaroslav Halak without a rebound.
19:07 of 3rd period - Aleksander Barkov wins face-off versus Jack Eichel in Predators zone.
19:40 of 3rd period - Snap shot by Zach Parise.
19:40 of 3rd period - Deflect By Brian McGrattan.
19:40 of 3rd period - Shot Misses the Net.
19:40 of 3rd period - Puck is out of play.
19:41 of 3rd period - Andy Miele wins face-off versus Jamie Arniel in Predators zone.
Goals for this period are 0 for Devils vs 2 for Predators.
Shots for this period are 18 for Devils vs 8 for Predators.